 Dungeon Crawl Stone Soup version 0.16.1-5-gaa23807 (webtiles) character file.

1012 Psiweapon the Cleaver (level 8, -3/62 HPs)
             Began as a Hill Orc Gladiator on Mar 28, 2015.
             Was a Believer of Makhleb.
             Killed by divine providence
             ... invoked by an orc priest
              (13 damage)
             ... on level 5 of the Dungeon.
             The game lasted 00:20:31 (5488 turns).

Psiweapon the Cleaver (Hill Orc Gladiator)          Turns: 5488, Time: 00:20:31

Health: -3/62      AC: 12    Str: 22    XL:     8   Next: 21%
Magic:  8/8        EV: 11    Int: 14    God:    Makhleb [**....]
Gold:   413        SH:  0    Dex: 12    Spells: 0 memorised, 7 levels left

rFire  . . .     SeeInvis .     a - +0 war axe
rCold  + . .     Clarity  .     E - +4 ring mail
rNeg   . . .     SustAb   .     (no shield)
rPois  .         Gourm    .     c - +0 helmet
rElec  +         Spirit   .     (no cloak)
rCorr  .         Warding  .     D - +0 pair of gloves
rMut   .         Stasis   .     (no boots)
MR     .....                    (no amulet)
Stlth  +.........               I - ring of protection from cold
                                b - ring of Terra Nullius {Wiz rElec Str+4}

@: brilliant, lethally poisoned (-3 -> -5), not resistant to hostile
enchantments, very unstealthy
A: no striking features
a: Minor Destruction, Renounce Religion, Convert to Beogh


You were on level 5 of the Dungeon.
You worshipped Makhleb.
Makhleb was pleased with you.
You were hungry.

You visited 2 branches of the dungeon, and saw 9 of its levels.

You collected 413 gold pieces.

Inventory:

Hand weapons
 a - a +0 war axe (weapon)
 e - a +2 dagger of electrocution
 g - a +0 quarterstaff
 l - a +2 mace of venom
 x - a +0 whip of freezing
Missiles
 d - 3 throwing nets
 i - 26 poisoned needles
 q - 15 stones
 s - 19 bolts
 w - 4 tomahawks (quivered)
 y - 4 bolts of flame
 J - 16 silver bolts
 N - 7 curare-tipped needles
Armour
 c - a +0 helmet (worn)
 B - a +0 large shield
 D - a +0 pair of gloves (worn)
 E - a +4 ring mail (worn)
Jewellery
 b - the ring of Terra Nullius (left hand) {Wiz rElec Str+4}
   (You found it on level 4 of the Dungeon)

   [ring of wizardry]

   It improves your spell success rate.
   It affects your strength (+4).
   It insulates you from electricity.
 n - an uncursed ring of positive energy
 I - a ring of protection from cold (right hand)
Magical devices
 v - a wand of polymorph (13)
Scrolls
 j - 2 scrolls of remove curse
 m - 2 scrolls of teleportation
 p - a scroll of enchant armour
 t - 2 scrolls of noise
 G - a scroll of immolation
Potions
 h - a potion of beneficial mutation {unknown}
 k - a potion of brilliance
 o - 3 potions of ambrosia
 z - 2 potions of curing
 C - 2 potions of degeneration
 K - a potion of berserk rage
 L - a potion of resistance
Comestibles
 f - 4 meat rations
 r - 2 beef jerkies
 u - 3 bread rations
 H - 3 fruits


   Skills:
 - Level 2.4 Fighting
 * Level 10.5 Axes
 - Level 2.0 Throwing
 + Level 5.7 Armour
 - Level 2.4 Dodging


You had 7 spell levels left.
You didn't know any spells.

Dungeon Overview and Level Annotations

Branches:
Dungeon (8/15)             Temple (1/1) D:4
   Lair: D:8-11

Altars:
Ashenzari
Cheibriados
Dithmenos
Elyvilon
Fedhas
Gozag
Kikubaaqudgha
Makhleb
Nemelex Xobeh
Okawaru
Qazlal
Sif Muna
Trog
Vehumet
Yredelemnul
Zin
The Shining One

Annotations:
D:3 exclusion: oklob plant
D:8 Chiseanne's ghost, experienced VSMo


Message History

You feel sick.
An orc priest comes into view.
The orc priest shouts!
You hit the orc.
You kill the orc!
Makhleb accepts your kill.
You feel sick.
The orc priest invokes the aid of Beogh against you.
Something smites you! The orc wizard misses you.
The orc priest invokes the aid of Beogh against you.
Something smites you!
* * * LOW HITPOINT WARNING * * *
The orc wizard hits you but does no damage.
Drink which item? (? for menu, Esc to quit)
It was a potion of brilliance.
You feel clever all of a sudden.
You feel sick.
The orc priest mumbles some strange prayers to Beogh against you.
Something smites you!
You die...

#####.....# #.# #.....#
#.## #.....# #..####
#.....############.#...
#..................#.##
#..............^...#.#
##...........(......#.#
#......o)...(.........##
#....o.@...........#..#.
#....##............'..#.
#....##............#..#.
#....##............##.#.
#....##............+....
#....##............###.#
#....##............# #..
#....#################.#
###### #...


You could see an orc priest and an orc wizard.

Vanquished Creatures
  A wolf (D:5)
  An ogre (D:4)
  A scorpion (D:4)
  A giant frog zombie (D:5)
  A gnoll shaman (D:5)
  An orc priest (D:4)
  2 crimson imps
  A hound (D:4)
  2 jellies
  4 orc wizards
  2 iguanas
  5 worker ants (D:4)
  A hound zombie (D:5)
  6 adders
  2 giant mites
  6 worms
  An adder skeleton (D:6)
  5 giant geckos
  18 orcs
  9 bats
  5 giant cockroaches
  9 hobgoblins
  2 jackals (D:5)
  7 kobolds
  4 quokkas
  A giant cockroach zombie (D:5)
  5 giant newts
  9 goblins
  3 jackal skeletons
  2 quokka skeletons
  9 rats
126 creatures vanquished.

Notes
Turn   | Place    | Note
--------------------------------------------------------------
     0 | D:1      | Psiweapon, the Hill Orc Gladiator, began the quest for the Orb.
     0 | D:1      | Reached XP level 1. HP: 18/18 MP: 1/1
   138 | D:4      | Reached skill level 1 in Armour
   142 | D:4      | Reached XP level 2. HP: 16/25 MP: 2/2
   601 | D:1      | Reached skill level 5 in Axes
   601 | D:1      | Reached XP level 3. HP: 27/30 MP: 3/3
   848 | D:2      | Found a radiant altar of Vehumet.
   849 | D:2      | Found a bloodstained altar of Trog.
   938 | D:2      | Reached XP level 4. HP: 3/37 MP: 4/4
  2090 | D:3      | Reached skill level 6 in Axes
  2100 | D:3      | Reached XP level 5. HP: 15/42 MP: 5/5
  2611 | D:3      | Found a blossoming altar of Fedhas.
  2635 | D:3      | Noticed an oklob plant
  2815 | D:3      | Reached skill level 7 in Axes
  2858 | D:4      | Found a staircase to the Ecumenical Temple.
  2858 | D:4      | Noticed a worker ant
  2862 | D:4      | Killed a worker ant
  2866 | D:4      | Noticed an ogre
  2875 | D:4      | Killed an ogre
  2875 | D:4      | Reached XP level 6. HP: 26/50 MP: 6/6
  2898 | D:4      | Noticed an orc priest
  2903 | Temple   | Entered the Ecumenical Temple
  2937 | Temple   | Became a worshipper of Makhleb the Destroyer
  3134 | Temple   | Upgraded the game from 0.16.1-4-g8e1b745 to 0.16.1-5-gaa23807
  3143 | D:4      | Killed an orc priest
  3143 | D:4      | Reached skill level 8 in Axes
  3173 | D:4      | Noticed a worker ant
  3175 | D:4      | Noticed a worker ant
  3180 | D:4      | Killed a worker ant
  3182 | D:4      | Killed a worker ant
  3234 | D:4      | Noticed a hound
  3242 | D:4      | Killed a hound
  3278 | D:4      | Got a brightly glowing brass ring
  3279 | D:4      | Identified the ring of Terra Nullius {Wiz rElec Str+4} (You found it on level 4 of the Dungeon)
  3317 | D:4      | Noticed a scorpion
  3322 | D:4      | Killed a scorpion
  3322 | D:4      | Reached XP level 7. HP: 54/56 MP: 7/7
  3342 | D:4      | Noticed a worker ant
  3354 | D:4      | Killed a worker ant
  3512 | D:4      | Noticed a worker ant
  3521 | D:4      | Killed a worker ant
  3548 | D:4      | Found a sparkling altar of Nemelex Xobeh.
  3722 | D:5      | Entered Level 5 of the Dungeon
  3836 | D:5      | Acquired Makhleb's first power
  3910 | D:4      | Noticed an orc wizard
  3914 | D:4      | Killed an orc wizard
  3923 | D:4      | Reached skill level 9 in Axes
  4051 | D:5      | Noticed Sigmund
  4055 | D:5      | Noticed Sigmund
  4055 | D:5      | Sigmund changed into Sigmund the wolf
  4067 | D:5      | Killed Sigmund the wolf
  4067 | D:5      | Reached skill level 5 in Armour
  4216 | D:8      | Noticed Chiseanne's ghost (experienced VSMo)
  4725 | D:5      | Found a glowing golden altar of the Shining One.
  4728 | D:5      | Found a white marble altar of Elyvilon.
  4767 | D:5      | Reached skill level 10 in Axes
  4767 | D:5      | Reached XP level 8. HP: 39/62 MP: 8/8
  5135 | D:5      | Acquired Makhleb's second power
  5316 | D:5      | Found a glowing silver altar of Zin.
  5488 | D:5      | Killed from afar by an orc priest

Action                   |  1- 3 |  4- 6 |  7- 9 || total
-------------------------+-------+-------+-------++-------
Melee: War axe           |    71 |   170 |   151 ||   392
Throw: Throwing net      |     2 |     1 |       ||     3
       Stone             |       |     1 |     1 ||     2
       Tomahawk          |       |       |     6 ||     6
Evoke: Wand              |       |       |     2 ||     2
  Use: Potion            |       |     1 |     1 ||     2
       Scroll            |       |     9 |     6 ||    15
 Stab: Sleeping          |     1 |       |       ||     1
       Held in net/web   |     2 |       |       ||     2
  Eat: Chunk             |       |     8 |     6 ||    14
